 Dungeon Crawl Stone Soup version 0.18-a0-943-g2c08dd4 (webtiles) character file.

96 M4edhros the Sneak (level 4, -7/28 HPs)
             Began as an Octopode Artificer on Dec 29, 2015.
             Mangled by an iguana (13 damage)
             ... on level 4 of the Dungeon.
             The game lasted 00:01:08 (1101 turns).

M4edhros the Sneak (Octopode Artificer)             Turns: 1101, Time: 00:01:09

Health: -7/28      AC:  1    Str: 10    XL:     4   Next: 67%
Magic:  6/6        EV: 13    Int: 15    God:
Gold:   46         SH:  0    Dex: 12    Spells: 0 memorised, 3 levels left

rFire  . . .     SeeInvis .     a - +0 short sword
rCold  . . .     Gourm    .     (no shield)
rNeg   . . .     Faith    .     (helmet restricted)
rPois  .         Spirit   .     (no amulet)
rElec  .         Dismiss  .     (no ring)
rCorr  .         Reflect  .     (no ring)
SustAt .         Harm     .     (no ring)
MR     .....                    (no ring)
Stlth  ++++......               (no ring)
                                (no ring)
                                (no ring)
                                (no ring)

@: not resistant to hostile enchantments, stealthy
A: almost no armour, amphibious, 8 rings, constrict 8, camouflage 1, gelatinous
body 1
a: no special abilities


You were on level 4 of the Dungeon.
You were hungry.

You visited 1 branch of the dungeon, and saw 4 of its levels.

You collected 46 gold pieces.

Inventory:

Hand Weapons
 a - a +0 short sword (weapon)
Wands
 b - a wand of flame (11/48)
 c - a wand of enslavement (15/24)
 d - a wand of random effects (11/48)
 q - a wand of fire (5/15)
Scrolls
 h - 2 scrolls of noise {unknown}
 i - a scroll of fog {unknown}
 k - 2 scrolls of fear {unknown}
Potions
 e - 2 potions of brilliance {unknown}
 g - a potion of flight {unknown}
 j - a potion of invisibility {unknown}
 l - 2 potions of heal wounds {unknown}
 n - a potion of poison {unknown}
 o - a potion of cure mutation {unknown}
Comestibles
 f - 3 bread rations
 m - a slice of pizza
 p - a royal jelly


   Skills:
 - Level 1.0 Fighting
 - Level 1.0 Short Blades
 * Level 3.4 Dodging
 * Level 4.1 Stealth
 + Level 3.7 Evocations


You had 3 spell levels left.
You didn't know any spells.

Dungeon Overview and Level Annotations

Branches:
Dungeon (4/15)
 Temple: D:4-7

Altars:


Innate Abilities, Weirdness & Mutations

You cannot wear most types of armour.
You are amphibious.
You can wear up to eight rings at the same time.
You can use your tentacles to constrict eight enemies at once.
Your skin changes colour to match your surroundings (Stealth).
Your rubbery body absorbs attacks (AC +1).


Message History

You constrict the iguana. The iguana bites you.
You barely miss the iguana.
The iguana is lightly wounded.
You constrict the iguana. The iguana closely misses you.
You hit the iguana.
The iguana is severely wounded.
You constrict the iguana, but do no damage.
The iguana bites you!
* * * LOW HITPOINT WARNING * * *
You are too injured to fight recklessly!
Evoke which item? (* to show all) (? for menu, Esc to quit)
Zapping:
b - a wand of flame (12/48)
Press: ? - help, Shift-Dir - straight line, f - iguana
Aim: an iguana (severely wounded, constricted by you)
The puff of flame hits the iguana.
The iguana appears unharmed.
The iguana is severely wounded.
This wand has 11 charges left.
You constrict the iguana, but do no damage.
The iguana bites you!
You die...

#.# #.# #.#
#.#####
#.....#
#####.# #.#
#########.##
#.....l@.$.#
#.##########


You could see an iguana.

Vanquished Creatures
  An orc wizard (D:3)
  An orc priest (D:3)
  An adder (D:2)
  3 orcs (D:3)
  2 ball pythons (D:1)
  3 bats
  5 hobgoblins
  2 goblins
  A kobold (D:3)
  4 rats
23 creatures vanquished.

Notes
Turn   | Place    | Note
--------------------------------------------------------------
     0 | D:1      | M4edhros the Octopode Artificer began the quest for the Orb.
     0 | D:1      | Reached XP level 1. HP: 13/13 MP: 3/3
   358 | D:1      | Reached XP level 2. HP: 11/18 MP: 4/4
   715 | D:2      | Reached XP level 3. HP: 17/23 MP: 5/5
   822 | D:3      | Reached XP level 4. HP: 21/28 MP: 6/6
   836 | D:3      | Reached skill level 4 in Stealth
  1101 | D:4      | Mangled by an iguana

Vault maps used:
D:1:      dpeg_arrival_circle_labyrinth_a, serial_park_tiny_1
D:2:      uniq_terence, uniq_iyjb
D:3:      gammafunk_temple_overflow_pools, first_bread, fedhas_altar_4
D:4:      gup_sewer_entry_bubbles

Action                   |  1- 3 |  4- 6 || total
-------------------------+-------+-------++-------
Melee: Short sword       |    36 |    14 ||    50
Evoke: Wand              |     1 |     7 ||     8
 Stab: Sleeping          |     5 |       ||     5
       Distracted        |     1 |       ||     1
